 Dungeon Crawl Stone Soup version 0.25.1-1-g288607f5aa (webtiles) character file.

Game seed: 361987064639434459

68 sking99 the Insei (level 4, -3/39 HPs)
             Began as a Naga Transmuter on July 20, 2020.
             Slain by a killer bee zombie (4 damage)
             ... on level 2 of the Dungeon.
             The game lasted 00:06:45 (2405 turns).

sking99 the Insei (Naga Transmuter)                 Turns: 2405, Time: 00:06:45

Health: -3/39      AC:  2    Str: 12    XL:     4   Next: 19%
Magic:  7/7        EV: 10    Int: 14    God:
Gold:   80         SH:  0    Dex: 12    Spells: 1/7 levels left

rFire    . . .     SeeInvis +     - Unarmed
rCold    . . .     Gourm    .   (no shield)
rNeg     . . .     Faith    .   b - +0 robe
rPois    +         Spirit   .   (no helmet)
rElec    .         Reflect  .   (no cloak)
rCorr    .         Harm     .   (no gloves)
MR       .....                  (no barding)
Stlth    +.........             (no amulet)
HPRegen  0.13/turn              (no ring)
MPRegen  0.10/turn              (no ring)

@: lethally poisoned (-3 -> -6), flying, very slow
A: large, see invisible, deformed body, poison resistance, slowness 2, slow
metabolism 1, spit poison 1, AC +1
a: Spit Poison


You were on level 2 of the Dungeon.
You were not hungry.

You visited 1 branch of the dungeon, and saw 2 of its levels.

You collected 80 gold pieces.

Inventory:

Missiles
 a - 38 arrows
 c - 15 poisoned darts (quivered)
Armour
 b - a +0 robe (worn)
Scrolls
 e - 6 scrolls of remove curse {unknown}
 f - a scroll of teleportation {unknown}
 g - 3 scrolls of identify {unknown}
 l - a scroll of enchant armour {unknown}
Potions
 i - 2 potions of flight
 j - 3 potions of curing {unknown}
 k - 2 potions of mutation {unknown}
 m - a potion of haste {unknown}
Comestibles
 d - 7 rations
 h - a chunk of flesh


   Skills:
 - Level 1.7 Fighting
 - Level 1.5 Dodging
 - Level 3.7 Unarmed Combat
 + Level 2.3 Spellcasting
 * Level 2.6 Transmutations
 + Level 1.4 Poison Magic


You had one spell level left.
You knew the following spells:

 Your Spells              Type           Power        Failure   Level  Hunger
a - Beastly Appendage     Tmut           #.....       8%          1    #......
b - Sticks to Snakes      Tmut           #.......     12%         2    ###....
c - Spider Form           Tmut/Pois      #.........   30%         3    ###....

Your spell library contained the following spells:

 Spells                   Type           Power        Failure   Level  Hunger
 Ice Form                 Ice/Tmut       #.......     80%         4    #####..
 Blade Hands              Tmut           #.........   91%         5    ######.


Dungeon Overview and Level Annotations

Branches:
Dungeon (2/15)

Altars:
Elyvilon


Innate Abilities, Weirdness & Mutations

You cannot wear boots.
Your serpentine skin is tough. (AC +1)
You have supernaturally acute eyesight. (SInv)
Armour fits poorly on your strangely shaped body.
Your system is resistant to poisons. (rPois)
You cover ground very slowly.
You have a slow metabolism.
You can spit poison.


Message History

The killer bee zombie hits you. The adder misses you.
The killer bee zombie hits you. The adder bites you but does no damage.
You miss the adder.
The adder is almost dead.
The killer bee zombie hits you!
* * * LOW HITPOINT WARNING * * *
The adder bites you.
* * * LOW HITPOINT WARNING * * *
You are lethally poisoned!
The adder poisons you!
You hit the adder.
You kill the adder!
* * * LOW HITPOINT WARNING * * *
You feel sick. The killer bee zombie misses you.
The killer bee zombie hits you.
* * * LOW HITPOINT WARNING * * *
It was a potion of flight.
You feel very buoyant.
You fly up into the air.
The killer bee zombie hits you.
You die...

#.##.#### #### #
#.......# # ..#
####.##.#.#.#.#
#.##.#.#.#.# ##
#.#......#.# ...
#.#......#.# ....
#.#......#.##.....
####'#......#†Z......
#...........#@#
#.............#
#..........####
#.............#
######.....##.#
###.....##.#
#......###.# ###
#......# #.# #>#
#......# #.#


You could see a killer bee zombie.

Vanquished Creatures
  2 adders (D:2)
  A worm (D:2)
  2 dart slugs (D:1)
  2 leopard geckos
  A ball python (D:1)
  4 bats (D:2)
  4 giant cockroaches
  8 goblins
  3 hobgoblins
  A quokka (D:2)
  5 frilled lizards
  2 kobolds
  5 rats
40 creatures vanquished.

Notes
Turn   | Place    | Note
-------+----------+-------------------------------------------
     0 | D:1      | sking99 the Naga Transmuter began the quest for the Orb.
     0 | D:1      | Reached XP level 1. HP: 18/18 MP: 3/3
   481 | D:1      | Reached XP level 2. HP: 25/25 MP: 5/5
   968 | D:1      | Reached XP level 3. HP: 28/32 MP: 6/6
  1004 | D:1      | Learned a level 2 spell: Sticks to Snakes
  1008 | D:1      | Learned a level 3 spell: Spider Form
  1718 | D:2      | Reached skill level 1 in Poison Magic
  1782 | D:2      | Found a white marble altar of Elyvilon.
  2205 | D:2      | Reached XP level 4. HP: 39/39 MP: 7/7
  2404 | D:2      | HP: 1/39 [killer bee zombie (2)]
  2405 | D:2      | Slain by a killer bee zombie

Illustrated notes

Levels and vault maps discovered:
D:1:      wander_arrival_desolate, layout_loops_ring, corexii_leaking_fountain
D:2:      layout_basic, elyvilon_altar_5

Skill      XL: |  1  2  3 |
---------------+----------+-----
Poison Magic   | 1 |  1.4
Fighting       | |  1.7
Dodging        | |  1.5
Unarmed Combat | |  3.7
Spellcasting   | |  2.3
Transmutations | |  2.6

Action                   |  1- 3 |  4- 6 || total
-------------------------+-------+-------++-------
Melee: Unarmed           |   147 |    12 ||   159
       Headbutt          |     1 |       ||     1
 Cast: Beastly Appendage |     2 |       ||     2
 Abil: Spit Poison       |     6 |     1 ||     7
  Use: Potion            |       |     1 ||     1
 Stab: Sleeping          |     1 |       ||     1
  Eat: Chunk             |     3 |     1 ||     4
Armor: Robe              |    30 |     8 ||    38
Dodge: Dodged            |    69 |    12 ||    81
